 Dungeon Crawl Stone Soup version 0.31-a0-210-gccc998df9b (webtiles) character file.

Game seed: 6813211525555977667

233 qw the Chopper (level 6, -7/38 HPs)
             Began as a Gargoyle Fighter on June 29, 2023.
             Mangled by Pikel
             ... wielding a +2 whip of flaming
              (9 damage)
             ... on level 4 of the Dungeon.
             The game lasted 00:02:16 (3813 turns).

qw the Chopper (Gargoyle Fighter)                   Turns: 3813, Time: 00:02:17

Health: -7/38      AC: 13    Str: 22    XL:     6   Next: 4%
Magic:  6/6        EV: 10    Int:  8    God:
Gold:   121        SH:  5    Dex: 15    Spells: 5/5 levels left

rFire   . . .        Y - +1 war axe
rCold   . . .        c - +0 buckler
rNeg    + . .        b - +0 scale mail
rPois   inf          n - +0 helmet
rElec   +            (no cloak)
rCorr   .            (no gloves)
SInv    .            e - +0 pair of boots
Will    .....        q - amulet of faith Stlth
                     i - +6 ring of dexterity
HPRegen 0.26/turn    (no ring)
MPRegen 0.10/turn

%: faith
@: no status effects
A: sickness immunity, AC +4, negative energy resistance 1, electricity
resistance, torment resistance 1, petrification resistance
a: no special abilities


You were on level 4 of the Dungeon.
You visited 2 branches of the dungeon, and saw 5 of its levels.

You collected 121 gold pieces.


Innate Abilities, Weirdness & Mutations

You are immune to sickness and miasma.
Your stone body is resilient. (AC +4)
You are immune to poison.
You resist negative energy. (rN+)
You are resistant to electric shocks. (rElec)
You are resistant to unholy torment.
You are immune to petrification.


   Skills:
 + Level 3.7 Fighting
 - Level 5.0 Axes
 - Level 3.2 Armour
 - Level 1.4 Dodging
 - Level 3.2 Shields


You had 5 spell levels left.
You didn't know any spells.
Your spell library was empty.

Inventory:

Hand Weapons
 m - a +0 mace
 Y - a +1 war axe (weapon)
Missiles
 p - a boomerang (quivered)
Armour
 b - a +0 scale mail (worn)
 c - a +0 buckler (worn)
 e - a +0 pair of boots (worn)
 n - a +0 helmet (worn)
Jewellery
 i - a +6 ring of dexterity (left hand)
 q - an amulet of faith (around neck)
Scrolls
 g - a scroll of identify
Potions
 a - a potion of curing {unknown}
 d - 2 potions of might
 f - a potion of heal wounds {unknown}
 h - a potion of cancellation {unknown}
 j - a potion of mutation {unknown}
 k - a potion of degeneration {unknown}
 l - a potion of magic {unknown}
 o - a potion of attraction {unknown}

Dungeon Overview and Level Annotations

Branches:
Dungeon (4/15)             Temple (1/1) D:4

Altars:
Ashenzari
Cheibriados
Dithmenos
Gozag
Makhleb
Nemelex Xobeh
Ru
Zin
The Shining One

Shops:
D:3 :

Annotations:
D:3 3 runed translucent doors, qw's ghost, weakling DEHu
D:4 Pikel


Message History

You barely miss the lemure. Pikel closely misses you.
The lemure barely misses you.
You hit Pikel.
Pikel is moderately wounded.
You hit the lemure but do no damage. You block Pikel's attack.
The lemure hits you but does no damage.
Pikel hits you with a +2 whip of flaming.
Pikel burns you. The lemure hits you but does no damage.
3806 ||| READING scroll of teleportation.
As you read the scroll of teleportation, it crumbles to dust.
You feel strangely unstable. Pikel barely misses you.
The lemure hits you but does no damage.
You miss Pikel.
Pikel is moderately wounded.
You hit the lemure. You block Pikel's attack.
The lemure hits you but does no damage.
You completely miss Pikel.
Pikel is moderately wounded.
You hit the lemure but do no damage. You block Pikel's attack.
The lemure barely misses you.
You closely miss Pikel.
Pikel is moderately wounded.
You barely miss the lemure.
Your surroundings suddenly seem different.
Enter note: You throw a boomerang.
The boomerang closely misses Pikel.
You throw a boomerang.
The boomerang hits Pikel but does no damage.
Pikel is moderately wounded.
You closely miss Pikel.
Pikel is moderately wounded.
Pikel hits you with a +2 whip of flaming.
Pikel burns you.
Pikel says, "Don't tell anyone, but I think Ereshkigal likes me."
Pikel hits you with a +2 whip of flaming.
Pikel burns you.
You slash Pikel!
Pikel is heavily wounded.
Pikel hits you with a +2 whip of flaming!
You die...

....# ....# ....# ....#
####### ###### ......###
##....#
#####...######.....####.
##......##..........
#....).##5K@.......
#.............####.
#......#..!....#
#......#.......#
#......##........
#########....#.#.#
##.###.#.# #. .# #


You could see Pikel and a lemure.

Vanquished Creatures
  3 lemures (D:4)
  A hound (D:3)
  Jessica (D:2)
  Robin (D:2)
  A gnoll (D:1)
  9 adders
  A dart slug (D:1)
  6 orcs (D:3)
  2 ball pythons
  8 endoplasms
  11 hobgoblins
  6 kobolds
  A quokka (D:1)
  8 bats
  5 frilled lizards
  6 goblins
  3 rats (D:1)
73 creatures vanquished.

Notes
Turn   | Place    | Note
-------+----------+-------------------------------------------
     0 | D:1      | qw the Gargoyle Fighter began the quest for the Orb.
     0 | D:1      | Reached XP level 1. HP: 14/14 MP: 1/1
     0 | D:1      | 0 ||| qw: Version: 0.3-a-24-g62f9e04
     0 | D:1      | 0 ||| qw: Game counter: 6664
     0 | D:1      | 0 ||| qw: Melee chars always use a shield: true
     0 | D:1      | 0 ||| qw: God list: Okawaru
     0 | D:1      | 0 ||| qw: Allow faded altars: false
     0 | D:1      | 0 ||| qw: Do Orc after clearing Dungeon:15 true
     0 | D:1      | 0 ||| qw: Do second Lair branch before Depths: true
     0 | D:1      | 0 ||| qw: Lair rune preference: random
     0 | D:1      | 0 ||| qw: Goals: Normal, Zot:1-4, Slime:5, God:TSO, Crypt,
                  | Tomb, Abyss, Pan, Hells, Win
     0 | D:1      | 0 ||| PLANNING D:1-11
    45 | D:1      | Reached skill level 2 in Axes
   314 | D:1      | Reached XP level 2. HP: 19/19 MP: 2/2
   711 | D:1      | Reached skill level 3 in Axes
   711 | D:1      | Reached XP level 3. HP: 22/23 MP: 3/3
   741 | D:1      | You fall into a shaft and drop 1 floor!
   913 | D:2      | 913 ||| UPGRADING to +0 pair of boots.
   918 | D:2      | 918 ||| UPGRADING to +6 ring of dexterity.
   919 | D:2      | 919 ||| READING scroll labelled MOYTHR ROMOK.
  1346 | D:1      | 1346 ||| READING scroll labelled VEECYR AGEI.
  1663 | D:2      | Reached XP level 4. HP: 27/28 MP: 4/4
  1710 | D:2      | Noticed Jessica
  1711 | D:2      | 1711 ||| Stepping ~*~*~tactically~*~*~ (hiding).
  1718 | D:2      | Killed Jessica
  1719 | D:2      | Reached skill level 1 in Dodging
  1841 | D:2      | Noticed Robin
  1849 | D:2      | Killed Robin
  1852 | D:2      | Reached skill level 4 in Axes
  2024 | D:2      | Reached XP level 5. HP: 32/32 MP: 5/5
  2201 | D:2      | 2201 ||| UPGRADING to +0 helmet.
  2206 | D:2      | 2206 ||| READING scroll labelled GENUZ RELUSIBB.
  2209 | D:2      | 2209 ||| READING scroll labelled XURCHO FINLA.
  2210 | D:2      | 2210 ||| DRINKING 2 amethyst potions.
  2211 | D:2      | 2211 ||| DROPPING potion of brilliance.
  2234 | D:3      | Found Kimism's Vocational Training.
  2266 | D:3      | 2266 ||| Stepping ~*~*~tactically~*~*~ (stealth).
  2300 | D:3      | 2300 ||| Stepping ~*~*~tactically~*~*~ (stealth).
  2431 | D:3      | Found a runed translucent gate.
  2431 | D:3      | Found a runed translucent gate.
  2432 | D:3      | Found a runed translucent gate.
  2432 | D:3      | Found an opulent altar of Gozag.
  2436 | D:3      | Noticed qw's ghost (weakling DEHu)
  2450 | D:3      | Found a broken altar of Ashenzari.
  2458 | D:3      | 2458 ||| READING scroll labelled AGHIPO KUEJA.
  2531 | D:3      | 2531 ||| Stepping ~*~*~tactically~*~*~ (hiding).
  2555 | D:3      | 2555 ||| DROPPING +0 whip.
  2593 | D:3      | Found a sparkling altar of Nemelex Xobeh.
  2837 | D:3      | Reached skill level 5 in Axes
  3679 | D:3      | 3679 ||| Stepping randomly (stuck).
  3698 | D:4      | Found a staircase to the Ecumenical Temple.
  3699 | D:4      | 3699 ||| PLANNING TEMPLE
  3706 | D:4      | Reached XP level 6. HP: 38/38 MP: 6/6
  3706 | D:4      | 3706 ||| UPGRADING to amulet of faith.
  3719 | Temple   | Entered the Ecumenical Temple
  3720 | Temple   | 3720 ||| Stepping randomly (stuck).
  3721 | Temple   | 3721 ||| PLANNING D:1-11
  3732 | D:4      | 3732 ||| Stepping ~*~*~tactically~*~*~ (hiding).
  3779 | D:4      | Noticed Pikel
  3780 | D:4      | 3780 ||| Stepping ~*~*~tactically~*~*~ (stealth).
  3783 | D:4      | 3783 ||| Stepping ~*~*~tactically~*~*~ (stealth).
  3805 | D:4      | HP: 9/38 [Pikel/+2 whip of flaming (5)]
  3806 | D:4      | 3806 ||| READING scroll of teleportation.
  3812 | D:4      | HP: 6/38 [Pikel/+2 whip of flaming (2)]
  3812 | D:4      | HP: 2/38 [Pikel/+2 whip of flaming (3)]
  3813 | D:4      | Mangled by Pikel

Levels and vault maps discovered:
D:1:      scummos_arrival_star, layout_basic, nrook_loot_triangle
D:2:      layout_basic, uniq_robin, uniq_jessica
D:3:      layout_loops_ring, mainiacjoe_overflow_catwalk,
          nemelex_dance_club_becter, ebering_ghost_gozag,
          nicolae_shop_vocational
D:4:      minmay_wonky_spiral, layout_basic, okawaru_ov_weapons_minmay,
          kennysheep_mini, mainiacjoe_overflow_24_doors,
          minmay_temple_entry_drinking_statues, serial_shops,
          nicolae_shop_hallway_plus, nrook_mini_vaults, uniq_pikel, uniq_natasha
Temple:   hellmonk_temple_micro_hex

Skill      XL: |  1  2  3  4  5 |
---------------+----------------+-----
Axes           | 2 3 4 5 |  5.0
Dodging        | 1 |  1.4
Fighting       | |  3.7
Armour         | |  3.2
Shields        | |  3.2

Action                     |  1- 3 |  4- 6 || total
---------------------------+-------+-------++-------
  Melee: War axe           |    71 |   145 ||   216
  Throw: Boomerang         |       |    21 ||    21
    Use: Scroll            |     2 |     4 ||     6
         Potion            |       |     1 ||     1
 Armour: Scale mail        |    37 |    76 ||   113
  Dodge: Dodged            |    26 |    78 ||   104
  Block: Buckler           |    10 |    35 ||    45

Table legend:
 A = Non-vault XP
 B = Vault XP
 C = Vault XP percentage of total XP
 D = Non-vault monster count
 E = Vault monster count
 F = Vault count percentage of total count
                 A         B        C        D         E       F
            +---------+---------+-------+---------+---------+-------
      Total |     266 |      67 |  20.1 |      60 |      10 |  14.3
            +---------+---------+-------+---------+---------+-------
        D:1 |      42 |       0 |   0.0 |      18 |       0 |   0.0
        D:2 |      72 |      62 |  46.3 |      16 |       8 |  33.3
        D:3 |     137 |       5 |   3.5 |      23 |       2 |   8.0
        D:4 |      15 |       0 |   0.0 |       3 |       0 |   0.0
            +---------+---------+-------+---------+---------+-------
